Map: Ascension to Aiur LE

Players

Uberpwnzorz - Winner!

  • Race: Protoss Protoss
  • League: Diamond
  • Spawn Location: 5:00

A.I. 1 (Elite)

  • Race: Zerg Zerg
  • Spawn Location: 11:00

VOD

Have the link to the VOD?

Description

Time

  • Played on: Jan. 8, 2018, 9:07 p.m.
  • Length: 7:31
Show
View Real Time Build Order
Export as new Build Order

Uberpwnzorz Protoss - Winner!

Build Orders: 1 Gate Expand 

Get SALT Encoding   

  12  0:01  Probe  
  13  0:14  Pylon  
  13  0:18  Probe  
  14  0:30  Probe  
  15  0:37  Gateway  
  15  0:42  Probe (Chrono Boost)  
  16  0:47  Assimilator  
  16  0:54  Probe (Chrono Boost)  
  17  1:01  Probe (Chrono Boost)  
  18  1:11  Probe  
  19  1:24  Probe  
  20  1:31  Nexus  
  20  1:42  Cybernetics Core  
  21  1:47  Probe  
  21  1:55  Forge  
  21  2:00  Probe  
  22  2:05  Assimilator  
  22  2:12  Probe  
  23  2:17  Pylon  
  23  2:23  Warp Gate  
  23  2:24  Protoss Ground Weapons Level 1 (Chrono Boost)  
  23  2:35  Zealot  
  23  2:36  Probe  
  26  2:47  Probe  
  26  2:48  Probe  
  28  2:53  Twilight Council  
  28  2:59  Probe  
  28  3:01  Probe  
  29  3:09  Pylon  
  29  3:11  Probe  
  30  3:21  Shield Battery  
  30  3:22  Probe  
  30  3:23  Probe (Chrono Boost)  
  32  3:31  Charge  
  32  3:35  Probe (Chrono Boost)  
  32  3:36  Probe (Chrono Boost)  
  34  3:43  Stalker  
  34  3:44  Probe x2 (Chrono Boost)  
  38  3:53  Robotics Facility  
  38  3:54  Probe  
  38  3:55  Probe  
  40  4:03  Protoss Ground Armor Level 1 (Chrono Boost)  
  40  4:06  Probe  
  40  4:07  Probe  
  42  4:20  Gateway x2  
  42  4:22  Gateway  
  42  4:25  Gateway  
  42  4:32  Gateway  
  42  4:36  Gateway  
  42  4:40  Pylon  
  42  4:44  Warp Prism  
  44  4:54  Pylon  
  44  4:56  Pylon  
  44  5:15  Dark Shrine  
  44  5:16  Zealot  
  44  5:17  Zealot x2  
  44  5:20  Observer  
  51  5:25  Zealot  
  53  5:31  Zealot  
  53  5:32  Zealot x2  
  59  5:37  Zealot  
  59  5:38  Zealot x2  
  65  5:57  Zealot  
  65  5:58  Pylon  
  65  5:59  Pylon  
  67  6:05  Zealot x5  
  71  6:24  Zealot x2  
  71  6:25  Zealot x5  
  83  6:44  Dark Templar x2  
  83  6:45  Dark Templar x3  
  89  6:49  Zealot  
  89  6:50  Zealot  
  81  7:10  Pylon  
  81  7:11  Pylon  
  81  7:12  Pylon  
  75  7:16  Zealot x2  
  75  7:17  Zealot x3  
  75  7:18  Zealot  
Show
View Real Time Build Order
Export as new Build Order

A.I. 1 (Elite) Zerg 

Build Orders: Hatch First 

Get SALT Encoding   

  12  0:00  Drone  
  13  0:12  Overlord  
  13  0:16  Drone  
  14  0:30  Drone x2  
  14  0:34  Drone  
  17  0:53  Hatchery  
  17  0:56  Drone  
  17  1:14  Spawning Pool  
  17  1:15  Extractor  
  17  1:16  Drone  
  16  1:21  Drone  
  16  1:25  Drone  
  18  1:29  Drone  
  19  1:38  Overlord  
  19  1:49  Drone  
  20  2:01  Queen  
  22  2:03  Zergling x2  
  22  2:05  Drone  
  24  2:17  Queen  
  24  2:20  Drone  
  27  2:33  Roach Warren  
  27  2:34  Drone  
  27  2:36  Extractor  
  26  2:39  Drone  
  27  2:45  Overlord  
  27  2:50  Drone  
  28  2:53  Drone  
  28  2:56  Drone  
  30  3:00  Drone  
  30  3:03  Drone  
  32  3:07  Zergling x2  
  32  3:10  Zergling x2  
  34  3:15  Roach  
  36  3:20  Roach  
  36  3:24  Roach  
  40  3:28  Roach  
  40  3:31  Drone  
  40  3:33  Drone  
  44  3:39  Overlord  
  44  3:48  Lair  
  44  3:52  Metabolic Boost  
  44  3:57  Drone  
  44  4:00  Drone  
  44  4:02  Drone  
  47  4:05  Drone  
  47  4:06  Drone  
  47  4:09  Drone  
  50  4:11  Drone  
  50  4:16  Overlord  
  51  4:18  Drone  
  51  4:23  Drone, Evolution Chamber  
  52  4:30  Drone, Evolution Chamber  
  52  4:34  Drone x2  
  52  4:37  Drone  
  55  4:39  Drone  
  55  4:41  Drone  
  55  4:43  Drone  
  58  4:47  Infestation Pit  
  58  4:48  Drone  
  58  4:50  Zerg Missile Weapons Level 1  
  58  4:55  Zerg Ground Armor Level 1  
  58  4:57  Overlord  
  58  5:00  Overlord  
  58  5:02  Roach  
  60  5:15  Roach, Drone x2, Extractor  
  60  5:16  Drone  
  60  5:17  Hydralisk Den  
  60  5:18  Drone  
  60  5:19  Drone  
  66  5:21  Drone  
  66  5:24  Overlord  
  66  5:25  Drone  
  67  5:33  Infestor  
  67  5:34  Extractor  
  68  5:37  Drone x3  
  68  5:38  Roach  
  68  5:42  Roach, Overlord  
  75  5:46  Hydralisk  
  75  5:47  Roach  
  79  5:50  Hydralisk  
  79  5:54  Roach  
  83  5:57  Drone  
  83  6:00  Drone, Overlord  
  83  6:02  Drone  
  85  6:08  Infestor  
  87  6:13  Roach  
  87  6:14  Roach  
  87  6:17  Roach  
  87  6:18  Overlord  
  91  6:19  Roach  
  91  6:20  Zergling x2  
  91  6:24  Zergling x2  
  73  6:26  Roach  
  73  6:31  Roach, Hatchery  
  70  6:33  Hydralisk  
  70  6:37  Hydralisk  
  73  6:53  Zergling x2  
  73  6:56  Hatchery  
  64  7:09  Overlord  
Tags
 
Add a new tag
Caveats
  • Supply blocks, unpowered buildings, or Contaminate may cause inaccurate times.
  • Supply counts are checked every 10 seconds.